NYP
MAHONING VALLEY SCRAPPERS @ CONNECTICUT TIGERS
08/30/2047
 
TOP OF THE 1ST
Mahoning Valley Scrappers batting - Pitching for Connecticut Tigers : RHP Luke Totzke
Pitching: RHP Luke Totzke
Batting: SHB Scott Scott 0-0: Ball
1-0: Foul Ball, location: 2F
1-1: Swinging Strike
1-2: Ball
2-2: Reached via error on a dropped throw from 2B, E3 (Groundball, 4, EV 101.9 MPH)
Batting: RHB Mitch Boyd 0-0: Ball
Scott Scott steals 2nd base (no throw)
1-0: Ball
2-0: Ball
3-0: Base on Balls
Batting: LHB Ben Rubenacker 0-0: Foul Ball, location: 2F
0-1: Ball
1-1: Ball
2-1: Grounds out, U3 (Groundball, 3L, EV 86.2 MPH)
Scott Scott to third
Batting: LHB Kazuyoshi Nakamura 0-0: Ball
1-0: Ground out 3-1 (Groundball, 34, EV 105.0 MPH)
Scott Scott scores
Mitch Boyd to third
Batting: RHB Harris Leroux 0-0: Ground out 5-3 (Groundball, 5L, EV 87.5 MPH)
Top of the 1st over - 1 run, 0 hits, 1 error, 1 left on base; Mahoning Valley 1 - Connecticut 0
BOTTOM OF THE 1ST
Connecticut Tigers batting - Pitching for Mahoning Valley Scrappers : RHP Arturo Rojas
Pitching: RHP Arturo Rojas
Batting: RHB Jaden Warrior 0-0: Foul Ball, location: 2F
0-1: Foul Ball, location: 2F
0-2: Ball
1-2: SOLO HOME RUN (Flyball, 7LD, EV 93.8 MPH), Distance : 354 ft
Batting: RHB Janne Vihko 0-0: Swinging Strike
0-1: Ball
1-1: Ball
2-1: Ground out 6-3 (Groundball, 6, EV 98.8 MPH)
Batting: LHB Antonio Luis 0-0: Called Strike
0-1: Ball
1-1: Fly out, F7 (Flyball, 7S, EV 90.6 MPH)
Batting: RHB Zack DiCicco 0-0: Ball
1-0: Called Strike
1-1: Ball
2-1: Ball
3-1: Called Strike
3-2: Strikes out swinging
Bottom of the 1st over - 1 run, 1 hit, 0 errors, 0 left on base; Mahoning Valley 1 - Connecticut 1
TOP OF THE 2ND
Mahoning Valley Scrappers batting - Pitching for Connecticut Tigers : RHP Luke Totzke
Batting: RHB Alex Vasquez 0-0: Called Strike
0-1: Ball
1-1: Called Strike
1-2: Foul Ball, location: 2F
1-2: Strikes out swinging
Batting: LHB Esteban Cordova 0-0: Ball
1-0: Swinging Strike
1-1: Ball
2-1: Called Strike
2-2: Foul Ball, location: 2F
2-2: Foul Ball, location: 2F
2-2: Ball
3-2: Foul Ball, location: 2F
3-2: Ground out 4-3 (Groundball, 4, EV 81.2 MPH)
Batting: RHB Carlos Salazar 0-0: Ball
1-0: Ball
2-0: Foul Ball, location: 2F
2-1: Ball
3-1: Base on Balls
Batting: RHB Jeremy Givens 0-0: Ball
Carlos Salazar steals 2nd base
1-0: Ball
2-0: Called Strike
2-1: Fly out, F9 (Flyball, 89S, EV 88.8 MPH)
Top of the 2nd over - 0 runs, 0 hits, 0 errors, 1 left on base; Mahoning Valley 1 - Connecticut 1
BOTTOM OF THE 2ND
Connecticut Tigers batting - Pitching for Mahoning Valley Scrappers : RHP Arturo Rojas
Batting: RHB Tony Nunez 0-0: Called Strike
0-1: Foul Ball, location: 2F
0-2: Ball
1-2: Strikes out swinging
Batting: RHB Khalil Coleman 0-0: Ball
1-0: Called Strike
1-1: Foul Ball, location: 2F
1-2: Ball
2-2: Strikes out looking
Batting: SHB Eisse Wijnja 0-0: Ground out U3 (Groundball, 34S, EV 84.4 MPH)
Bottom of the 2nd over - 0 runs, 0 hits, 0 errors, 0 left on base; Mahoning Valley 1 - Connecticut 1
TOP OF THE 3RD
Mahoning Valley Scrappers batting - Pitching for Connecticut Tigers : RHP Luke Totzke
Batting: SHB Scott Scott 0-0: Ball
1-0: SINGLE (Groundball, 4MD, EV 110.0 MPH)
Batting: RHB Mitch Boyd 0-0: Called Strike
0-1: Ball
1-1: Ball
Scott Scott steals 2nd, throwing error, E2
Scott Scott to third
2-1: Foul Ball, location: 2F
2-2: Strikes out swinging
Batting: LHB Ben Rubenacker 0-0: Ball
1-0: Called Strike
1-1: Fly out, F7 (Flyball, 7S, EV 75.0 MPH)
Batting: LHB Kazuyoshi Nakamura 0-0: Foul Ball, location: 2F
0-1: Foul Ball, location: 2F
0-2: Foul Ball, location: 2F
0-2: Ball
1-2: Foul Ball, location: 2F
1-2: Foul Ball, location: 2F
1-2: Ball
2-2: Strikes out swinging
Top of the 3rd over - 0 runs, 1 hit, 1 error, 1 left on base; Mahoning Valley 1 - Connecticut 1
BOTTOM OF THE 3RD
Connecticut Tigers batting - Pitching for Mahoning Valley Scrappers : RHP Arturo Rojas
Batting: RHB Kaleb Yerger 0-0: Ball
1-0: Ball
2-0: Called Strike
2-1: Swinging Strike
2-2: Ball
3-2: Strikes out looking
Batting: SHB Ian Arlotta 0-0: Called Strike
0-1: Ground out 4-3 (Groundball, 4, EV 88.1 MPH)
Batting: RHB Jaden Warrior 0-0: Foul Ball, location: 2F
0-1: Foul Ball, location: 2F
0-2: Ground out 6-3 (Groundball, 6, EV 89.4 MPH)
Bottom of the 3rd over - 0 runs, 0 hits, 0 errors, 0 left on base; Mahoning Valley 1 - Connecticut 1
TOP OF THE 4TH
Mahoning Valley Scrappers batting - Pitching for Connecticut Tigers : RHP Luke Totzke
Batting: RHB Harris Leroux 0-0: Ball
1-0: Swinging Strike
1-1: Ground out 6-3 (Groundball, 6, EV 83.1 MPH)
Batting: RHB Alex Vasquez 0-0: Foul Ball, location: 2F
0-1: Ball
1-1: Ground out 6-3 (Groundball, 6S, EV 84.4 MPH)
Batting: LHB Esteban Cordova 0-0: Foul Ball, location: 2F
0-1: Ball
1-1: DOUBLE (Flyball, 8LXD, EV 103.8 MPH)
Batting: RHB Carlos Salazar 0-0: Swinging Strike
0-1: Called Strike
0-2: Ball
1-2: Ball
2-2: Foul Ball, location: 2F
2-2: Strikes out swinging
Top of the 4th over - 0 runs, 1 hit, 0 errors, 1 left on base; Mahoning Valley 1 - Connecticut 1
BOTTOM OF THE 4TH
Connecticut Tigers batting - Pitching for Mahoning Valley Scrappers : RHP Arturo Rojas
Batting: RHB Janne Vihko 0-0: Ball
1-0: Ball
2-0: Called Strike
2-1: Foul Ball, location: 2F
2-2: Foul Ball, location: 2F
2-2: Ball
3-2: Strikes out swinging
Batting: LHB Antonio Luis 0-0: Foul Ball, location: 2F
0-1: Called Strike
0-2: Ball
1-2: Foul Ball, location: 2F
1-2: Ground out 3-1 (Groundball, 34S, EV 85.6 MPH)
Batting: RHB Zack DiCicco 0-0: Called Strike
0-1: Swinging Strike
0-2: Strikes out swinging
Bottom of the 4th over - 0 runs, 0 hits, 0 errors, 0 left on base; Mahoning Valley 1 - Connecticut 1
TOP OF THE 5TH
Mahoning Valley Scrappers batting - Pitching for Connecticut Tigers : RHP Luke Totzke
Batting: RHB Jeremy Givens 0-0: Swinging Strike
0-1: Foul Ball, location: 2F
0-2: Ball
1-2: Hit by Pitch
Batting: SHB Scott Scott 0-0: Ball
1-0: Foul Ball, location: 2F
1-1: Called Strike
1-2: Fielders Choice at 2nd, 4-6 (Groundball, 4, EV 78.1 MPH)
Batting: RHB Mitch Boyd 0-0: Foul Ball, location: 2F
0-1: Swinging Strike
0-2: Ball
1-2: Ball
2-2: SINGLE (Line Drive, 6D, EV 98.1 MPH)
Scott Scott to second
Runner from 2nd tries for 3rd, SAFE, throw by LF made to third
Batting: LHB Ben Rubenacker 0-0: Called Strike
Mitch Boyd steals 2nd base
0-1: DOUBLE (Line Drive, 7LS, EV 103.8 MPH)
Scott Scott scores
Mitch Boyd scores
Batting: LHB Kazuyoshi Nakamura 0-0: Called Strike
0-1: Ball
1-1: Ball
2-1: Fly out, F8 (Flyball, 78D, EV 83.1 MPH)
Batting: RHB Harris Leroux 0-0: Ball
1-0: DOUBLE (Line Drive, 89D, EV 108.1 MPH)
Ben Rubenacker scores
Batting: RHB Alex Vasquez 0-0: Ground out 5-3 (Groundball, 5S, EV 70.6 MPH)
Top of the 5th over - 3 runs, 3 hits, 0 errors, 1 left on base; Mahoning Valley 4 - Connecticut 1
BOTTOM OF THE 5TH
Connecticut Tigers batting - Pitching for Mahoning Valley Scrappers : RHP Arturo Rojas
Batting: RHB Tony Nunez 0-0: Ground out 5-3 (Groundball, 5, EV 87.5 MPH)
Batting: RHB Khalil Coleman 0-0: Foul Ball, location: 2F
0-1: Foul Ball, location: 2F
0-2: Strikes out looking
Batting: SHB Eisse Wijnja 0-0: Ground out U3 (Groundball, 13, EV 89.4 MPH)
Bottom of the 5th over - 0 runs, 0 hits, 0 errors, 0 left on base; Mahoning Valley 4 - Connecticut 1
TOP OF THE 6TH
Mahoning Valley Scrappers batting - Pitching for Connecticut Tigers : RHP Luke Totzke
Batting: LHB Esteban Cordova 0-0: Ball
1-0: Foul Ball, location: 2F
1-1: Foul Ball, location: 2F
1-2: Fly out, F7 (Flyball, 78S, EV 88.1 MPH)
Batting: RHB Carlos Salazar 0-0: Ball
1-0: Foul Ball, location: 2F
1-1: Ball
2-1: Called Strike
2-2: Foul Ball, location: 2F
2-2: Ball
3-2: Base on Balls
Pitching: LHP Neil Palazzo
Batting: RHB Jeremy Givens 0-0: Called Strike
0-1: Called Strike
0-2: Ground out 4-3 (Groundball, 4S, EV 70.6 MPH)
Carlos Salazar to second
Batting: SHB Scott Scott 0-0: Swinging Strike
0-1: Ball
1-1: Foul Ball, location: 2F
1-2: Foul Ball, location: 2F
1-2: Foul Ball, location: 2F
1-2: Ball
2-2: Foul Ball, location: 2F
2-2: Foul Ball, location: 2F
2-2: Foul Ball, location: 2F
2-2: Foul Ball, location: 2F
2-2: Foul Ball, location: 2F
2-2: Ground out 6-3 (Groundball, 6, EV 80.0 MPH)
Top of the 6th over - 0 runs, 0 hits, 0 errors, 1 left on base; Mahoning Valley 4 - Connecticut 1
BOTTOM OF THE 6TH
Connecticut Tigers batting - Pitching for Mahoning Valley Scrappers : RHP Arturo Rojas
Batting: RHB Kaleb Yerger 0-0: Called Strike
0-1: Swinging Strike
0-2: Foul Ball, location: 2F
0-2: Strikes out swinging
Batting: SHB Ian Arlotta 0-0: Called Strike
0-1: Foul Ball, location: 2F
0-2: Fly out, F7 (Flyball, 7, EV 96.2 MPH)
Batting: RHB Jaden Warrior 0-0: Ball
1-0: Ball
2-0: Fly out, F8 (Line Drive, 8RM, EV 96.9 MPH)
Bottom of the 6th over - 0 runs, 0 hits, 0 errors, 0 left on base; Mahoning Valley 4 - Connecticut 1
TOP OF THE 7TH
Mahoning Valley Scrappers batting - Pitching for Connecticut Tigers : LHP Neil Palazzo
Batting: RHB Mitch Boyd 0-0: Foul Ball, location: 2F
0-1: Ball
1-1: Called Strike
1-2: Ball
2-2: Strikes out swinging
Batting: LHB Ben Rubenacker 0-0: Ball
1-0: Fly out, F7 (Flyball, 7LM, EV 108.8 MPH)
Batting: LHB Kazuyoshi Nakamura 0-0: Ball
1-0: Ball
2-0: Called Strike
2-1: Ball
3-1: Called Strike
3-2: Ground out U3 (Groundball, 34, EV 78.8 MPH)
Top of the 7th over - 0 runs, 0 hits, 0 errors, 0 left on base; Mahoning Valley 4 - Connecticut 1
BOTTOM OF THE 7TH
Connecticut Tigers batting - Pitching for Mahoning Valley Scrappers : RHP Arturo Rojas
Batting: RHB Janne Vihko 0-0: SINGLE (Groundball, 25, EV 70.6 MPH) (infield hit)
Batting: LHB Antonio Luis 0-0: Ball
1-0: Foul Ball, location: 2F
Balk!
Janne Vihko to second
1-1: DOUBLE (Line Drive, 7LS, EV 98.8 MPH)
Janne Vihko scores
Batting: RHB Zack DiCicco 0-0: Ground out 6-3 (Groundball, 6S, EV 80.0 MPH)
Batting: RHB Tony Nunez 0-0: Ball
1-0: Ball
2-0: Ground out 5-3 (Groundball, 56S, EV 83.1 MPH)
Batting: RHB Khalil Coleman 0-0: Ball
1-0: Called Strike
1-1: Foul Ball, location: 2F
1-2: Foul Ball, location: 2F
1-2: Strikes out swinging
Bottom of the 7th over - 1 run, 2 hits, 0 errors, 1 left on base; Mahoning Valley 4 - Connecticut 2
TOP OF THE 8TH
Mahoning Valley Scrappers batting - Pitching for Connecticut Tigers : LHP Neil Palazzo
Pitching: RHP Morty Rupert
Batting: RHB Harris Leroux 0-0: Called Strike
0-1: Called Strike
0-2: Ball
1-2: Strikes out swinging
Batting: RHB Alex Vasquez 0-0: Ball
1-0: Ball
2-0: Ball
3-0: Called Strike
3-1: Base on Balls
Batting: LHB Esteban Cordova 0-0: Called Strike
0-1: Called Strike
0-2: Strikes out looking
Batting: RHB Carlos Salazar 0-0: Swinging Strike
0-1: Foul Ball, location: 2F
0-2: Strikes out swinging
Top of the 8th over - 0 runs, 0 hits, 0 errors, 1 left on base; Mahoning Valley 4 - Connecticut 2
BOTTOM OF THE 8TH
Connecticut Tigers batting - Pitching for Mahoning Valley Scrappers : RHP Arturo Rojas
Batting: SHB Eisse Wijnja 0-0: Ball
1-0: Ball
2-0: Called Strike
2-1: Ball
3-1: Base on Balls
Batting: RHB Kaleb Yerger 0-0: Ball
1-0: Swinging Strike
1-1: Called Strike
1-2: Ball
2-2: SINGLE (Groundball, 4MD, EV 107.5 MPH)
Eisse Wijnja to second
Batting: SHB Ian Arlotta 0-0: Fielders Choice at 2nd, 3-6 (Groundball, 34, EV 90.6 MPH)
Eisse Wijnja to third
Batting: RHB Jaden Warrior 0-0: Called Strike
0-1: Called Strike
0-2: Strikes out swinging
Batting: RHB Janne Vihko 0-0: SINGLE (Flyball, 5D, EV 85.6 MPH)
Eisse Wijnja scores
Ian Arlotta to second
Batting: LHB Antonio Luis 0-0: Ground out 4-3 (Groundball, 4S, EV 65.0 MPH)
Bottom of the 8th over - 1 run, 2 hits, 0 errors, 2 left on base; Mahoning Valley 4 - Connecticut 3
TOP OF THE 9TH
Mahoning Valley Scrappers batting - Pitching for Connecticut Tigers : RHP Morty Rupert
Batting: RHB Jeremy Givens 0-0: Ball
1-0: Foul Ball, location: 2F
1-1: Fly out, F7 (Flyball, 7, EV 91.2 MPH)
Batting: SHB Scott Scott 0-0: Ball
1-0: Swinging Strike
1-1: Foul Ball, location: 2F
1-2: Foul Ball, location: 2F
1-2: Ground out 4-3 (Groundball, 4D, EV 96.9 MPH)
Batting: RHB Mitch Boyd 0-0: Ball
1-0: Foul Ball, location: 2F
1-1: Ball
2-1: Ball
3-1: Foul Ball, location: 2F
3-2: Foul Ball, location: 2F
3-2: SINGLE (Groundball, 6MD, EV 96.9 MPH)
Batting: LHB Ben Rubenacker 0-0: Ball
Mitch Boyd steals 2nd base
1-0: Foul Ball, location: 2F
1-1: Ball
2-1: Foul Ball, location: 2F
2-2: Foul Ball, location: 2F
2-2: Foul Ball, location: 2F
2-2: Fly out, F8 (Flyball, 8RXD, EV 92.5 MPH)
Top of the 9th over - 0 runs, 1 hit, 0 errors, 1 left on base; Mahoning Valley 4 - Connecticut 3
BOTTOM OF THE 9TH
Connecticut Tigers batting - Pitching for Mahoning Valley Scrappers : RHP Arturo Rojas
Pitching: RHP Rainer Von Croy
Now in LF: Ricky Cordova
Batting: RHB Zack DiCicco 0-0: Ball
1-0: Swinging Strike
1-1: Ball
2-1: Foul Ball, location: 2F
2-2: Strikes out swinging
Batting: RHB Tony Nunez 0-0: Called Strike
0-1: Fly out, F8 (Flyball, 8LM, EV 90.6 MPH)
Batting: RHB Khalil Coleman 0-0: Called Strike
0-1: Fly out, F8 (Flyball, 8RD, EV 84.4 MPH)
Bottom of the 9th over - 0 runs, 0 hits, 0 errors, 0 left on base; Mahoning Valley 4 - Connecticut 3
Thursday, December 15th , 2022 - OOTP Baseball 23.9 Build 102